AoeStats
← 根本赢不了

Arabian Desert

510157266Analyzed
1v1 RM · 2d ago on Sep 29, 2026· 35m 5s· 2 players
Game mode
Random Map
Map size
Tiny (2 player)
Population
200
Speed
Normal
Resources
Standard
Victory
Conquest
Starting age
Dark Age
Ending age
Imperial Age
RankedLock teamsTeams togetherTeam positionsShared explorationLock speedFull tech treeHidden civsTurbo modeCheats
Victory
Defeat
🇨🇳 Japanese · China
1143
+46
🇿🇦 Vikings · South Africa
1169
-17
根本赢不了
8:49 Feudal Age
9:01 Man-at-Arms
10:09 Arson
16:08 Loom
16:24 Fletching
18:19 Padded Archer Armor
19:15 Double-Bit Axe
19:11 Horse Collar
24:04 Castle Age
24:59 Castle Age
24:34 Scale Mail Armor
25:57 Bodkin Arrow
25:34 Elite Skirmisher
28:26 Leather Archer Armor
Deafbok
7:55 Loom
11:33 Feudal Age
16:25 Fletching
19:16 Horse Collar
23:59 Castle Age
24:26 Scale Barding Armor
24:24 Double-Bit Axe
28:45 Forging
34:08 Light Cavalry
Connection lost

Rejoining the realm…

Still unreachable

The connection could not be restored.

Session expired

The server has moved on; the page needs a fresh start.